 Dungeon Crawl Stone Soup version 0.25.1-2-g60ff931df9 (webtiles) character file.

Game seed: 8067341429847041653

124 DildoBatman the Conjurer (level 5, 0/35 HPs)
             Began as a Formicid Wizard on Oct 5, 2020.
             Succumbed to miscasting Mephitic Cloud's poison
             ... on level 3 of the Dungeon.
             The game lasted 00:08:22 (3283 turns).

DildoBatman the Conjurer (Formicid Wizard)          Turns: 3283, Time: 00:08:22

Health: 0/35       AC:  3    Str: 11    XL:     5   Next: 30%
Magic:  7/9        EV: 12    Int: 19    God:
Gold:   129        SH:  4    Dex:  9    Spells: 3/10 levels left

rFire    + . .     SeeInvis +   a - +0 short sword
rCold    . . .     Gourm    .   f - +0 buckler
rNeg     . . .     Faith    .   m - +0 robe
rPois    .         Spirit   .   (helmet unavailable)
rElec    .         Reflect  .   (no cloak)
rCorr    .         Harm     .   (no gloves)
MR       .....                  w - +0 pair of boots
Stlth    ++........             (no amulet)
HPRegen  0.11/turn              n - ring of protection from fire
MPRegen  0.11/turn              (no ring)

@: lethally poisoned (0 -> -1), very slightly contaminated
A: permanent stasis, dig shafts and tunnels, four strong arms, antennae 3
a: Dig, Shaft Self


You were on level 3 of the Dungeon.
You were hungry.

You visited 1 branch of the dungeon, and saw 4 of its levels.

You collected 129 gold pieces.

Inventory:

Hand Weapons
 a - a +0 short sword (weapon)
Missiles
 c - 19 poisoned darts
 e - 122 stones (quivered)
 i - 35 sling bullets
 l - 34 bolts
Armour
 f - a +0 buckler (worn)
 m - a +0 robe (worn)
 w - a +0 pair of boots (worn)
Jewellery
 n - a ring of protection from fire (left hand)
Scrolls
 g - a scroll of amnesia {unknown}
 h - a scroll of fear {unknown}
 r - 2 scrolls of immolation
 s - a scroll of magic mapping
 u - a scroll of random uselessness {unknown}
 z - 2 scrolls of identify
Potions
 b - 3 potions of stabbing {unknown}
 k - a potion of degeneration {unknown}
 t - a potion of curing {unknown}
Comestibles
 d - 4 chunks of flesh
 v - 4 rations


   Skills:
 - Level 1.7 Dodging
 - Level 2.4 Stealth
 * Level 2.4 Shields
 - Level 3.2 Spellcasting
 * Level 3.6 Conjurations
   Level 1.0 Summonings
   Level 0.8 Translocations
 * Level 0.3 Fire Magic
 * Level 0.2 Air Magic


You had 3 spell levels left.
You knew the following spells:

 Your Spells              Type           Power        Failure   Level  Hunger
a - Conjure Flame         Conj/Fire      ##......     21%         3    ###....
c - Magic Dart            Conj           ###.         3%          1    None
e - Mephitic Cloud        Conj/Pois/Air  #.......     26%         3    ###....

Your spell library contained the following spells:

 Spells                   Type           Power        Failure   Level  Hunger
 Call Imp                 Summ           #.......     16%         2    ##.....
 Slow                     Hex            #.......     22%         2    ##.....
 Blink                    Tloc           Unusable     N/A         2    N/A

Dungeon Overview and Level Annotations

Branches:
Dungeon (4/15)
 Temple: D:4-7

Altars:

Annotations:
D:1 Jessica, Terence
D:2 2 exclusions
D:3 Dowan, Duvessa, Pikel


Innate Abilities, Weirdness & Mutations

You cannot be hasted, slowed, berserked, paralysed or teleported.
You can dig through walls and to a lower floor.
Your four strong arms can wield two-handed weapons with a shield.
You have a pair of large antennae on your head. (SInv)


Message History

You block the slave's attack.
Pikel hits you with a +1 whip of freezing.
Pikel freezes you.
Found a scroll of identify and 16 stones.
There is a stone staircase leading up here.
You feel sick. The slave hits you. You block Pikel's attack.
The slave closely misses you.
You climb upwards.
Level annotation: Dowan, Duvessa Duvessa closely misses you.
Duvessa hits you with a +0 short sword.
There is a stone staircase leading down, spattered with blood here.
You extend your mandibles.
You dig through the rock wall.
Pikel hits you with a +1 whip of freezing.
Pikel freezes you.
You dig through the rock wall.
You die...

#....## ##.#.## #.........##.
####.....######.#####.#####...##.
#............................÷...
#.##.....############.######.###.
#.##......# #.# #.# #.
#.##.####.# #.# #.# #.
...#.....)# #.# ##.###.
.....###..# ### #.# ###...##.
...#.# #..# #@####.###......).
#.##.###.## ####.##p..##.#...#..
#.##.....# #...Ke.p#....##.##.#
#.####.### #.#####...#####.##.#
..# #.# #.# ##.## #.##.# ### #.#
#{# #.# ##.##.# ###.# #.# #.##
##.#.#.# ##...# ###§#
#..###.###..# #e##.#####...####
##.##.## ##.#


You could see Pikel and Duvessa.

Vanquished Creatures
  4 adders
  An ooze (D:2)
  A worm (D:2)
  4 dart slugs
  2 leopard geckos (D:1)
  2 orcs (D:3)
  13 bats
  A giant cockroach (D:3)
  5 goblins
  6 hobgoblins
  10 jackals
  A quokka (D:2)
  A ball python (D:3)
  5 frilled lizards
  7 kobolds
  5 rats
68 creatures vanquished.

Notes
Turn   | Place    | Note
-------+----------+-------------------------------------------
     0 | D:1      | DildoBatman the Formicid Wizard began the quest for the
                  | Orb.
     0 | D:1      | Reached XP level 1. HP: 13/13 MP: 4/4
     3 | D:1      | Reached skill level 1 in Conjurations
   217 | D:1      | Reached XP level 2. HP: 14/19 MP: 3/6
   541 | D:1      | Reached XP level 3. HP: 24/24 MP: 3/7
  1263 | D:2      | Reached skill level 1 in Shields
  1263 | D:2      | Reached XP level 4. HP: 30/30 MP: 1/8
  1972 | D:2      | Noticed Jessica
  2043 | D:1      | Learned a level 3 spell: Conjure Flame
  2047 | D:1      | Learned a level 3 spell: Mephitic Cloud
  2251 | D:2      | Noticed Terence
  2597 | D:3      | Reached XP level 5. HP: 35/35 MP: 6/9
  3247 | D:4      | Noticed Duvessa
  3247 | D:4      | Noticed Dowan
  3279 | D:4      | Noticed Pikel
  3279 | D:4      | Noticed a slave
  3279 | D:4      | Noticed a slave
  3279 | D:4      | Noticed a slave
  3279 | D:4      | Noticed a slave
  3282 | D:3      | HP: 1/35 [Pikel/+1 whip of freezing (1)]
  3283 | D:3      | Succumbed to miscasting Mephitic Cloud's poison

Illustrated notes

Levels and vault maps discovered:
D:1:      dpeg_arrival_tiny_j, layout_rooms
D:2:      layout_basic, first_ration, uniq_jessica, uniq_terence
D:3:      layout_loops_ring
D:4:      layout_basic, nicolae_overflow_crystal_walls, vehumet_statue,
          serial_shops, shop, uniq_pikel, uniq_duvessa

Skill      XL: |  1  2  3  4 |
---------------+-------------+-----
Conjurations   | 1 2 3 |  3.6
Shields        | 1 2 |  2.4
Dodging        | |  1.7
Stealth        | |  2.4
Spellcasting   | |  3.2
Summonings     | |  1.0
Translocations | |  0.8
Fire Magic     | |  0.3
Air Magic      | |  0.2

Action                   |  1- 3 |  4- 6 || total
-------------------------+-------+-------++-------
Melee: Unarmed           |     3 |       ||     3
       Short sword       |    11 |    18 ||    29
 Cast: Magic Dart        |    85 |    88 ||   173
       Mephitic Cloud    |       |     2 ||     2
 Abil: Dig               |     3 |     7 ||    10
  Use: Scroll            |       |     6 ||     6
  Eat: Chunk             |     1 |     7 ||     8
Armor: Robe              |    10 |     4 ||    14
Dodge: Dodged            |    29 |    28 ||    57
Block: Buckler           |       |     4 ||     4
